 Dungeon Crawl Stone Soup version 0.28-a0-730-g892d06dc2c (webtiles) character file.

Game seed: 13352578153031797587

2 flotson the Sneak (level 1, 0/18 HPs)
             Began as a Demonspawn Delver on Oct 29, 2021.
             Slain by a water moccasin zombie (2 damage)
             ... in an ossuary.
             The game lasted 00:01:16 (579 turns).

flotson the Sneak (Demonspawn Delver)                Turns: 579, Time: 00:01:17

Health: 0/18       AC:  3    Str: 12    XL:     1   Next: 25%
Magic:  1/1        EV: 11    Int: 11    God:
Gold:   22         SH:  0    Dex: 14    Spells: 0/0 levels left

rFire   . . .      SeeInvis +   a - +0 hand axe
rCold   . . .      Faith    .   (no shield)
rNeg    . . .      Spirit   .   b - +0 leather armour
rPois   .          Reflect  .   (no helmet)
rElec   .          Harm     .   (no cloak)
rCorr   .          Rampage  .   (no gloves)
Will    .....                   (no boots)
Stlth   ++........              (no amulet)
HPRegen 0.06/turn               e - ring of see invisible
MPRegen 0.07/turn               (no ring)

@: hasted, very quick
A: no striking features
a: no special abilities


You were in an ossuary.
You visited 1 branch of the dungeon, and saw 2 of its levels.
You also visited: Ossuary.

You collected 22 gold pieces.

Inventory:

Hand Weapons
 a - a +0 hand axe (weapon)
Armour
 b - a +0 leather armour (worn)
Jewellery
 e - a ring of see invisible (left hand)
Wands
 g - a wand of digging (3)
Scrolls
 c - a scroll of fog


   Skills:
 + Level 3.0 Fighting
 + Level 1.8 Axes
 + Level 0.1 Armour
 + Level 1.8 Dodging
 - Level 4.5 Stealth


You couldn't memorise any spells.
You didn't know any spells.
Your spell library was empty.

Dungeon Overview and Level Annotations

Branches:
Dungeon (5/15)            Ossuary (1/1)
 Temple: D:4-7

Altars:

Annotations:
D:4 Dowan, Duvessa
D:5 Prince Ribbit


Message History

No target in view!
You open the door. 9 zombies come into view.
There is an open door here.
The water moccasin zombie bites you.
You feel yourself speed up. The water moccasin zombie bites you!
You barely miss the water moccasin zombie.
The water moccasin zombie barely misses you.
You barely miss the water moccasin zombie.
The water moccasin zombie bites you.
You hit the water moccasin zombie.
The water moccasin zombie is lightly damaged.
The water moccasin zombie bites you but does no damage.
You hit the water moccasin zombie but do no damage.
The water moccasin zombie is lightly damaged.
As you read the scroll labelled ODDUROEJEI, it crumbles to dust.
It is a scroll of identify.
You don't have any unidentified items.
The water moccasin zombie bites you.
* * * LOW HITPOINT WARNING * * *
You aren't carrying any potions.
You hit the water moccasin zombie but do no damage.
The water moccasin zombie is lightly damaged.
The water moccasin zombie barely misses you.
You hit the water moccasin zombie.
The water moccasin zombie is lightly damaged.
The water moccasin zombie barely misses you.
You hit the water moccasin zombie.
The water moccasin zombie is moderately damaged.
The water moccasin zombie barely misses you.
You slash the water moccasin zombie!
The water moccasin zombie is moderately damaged.
You hit the water moccasin zombie but do no damage.
The water moccasin zombie bites you but does no damage.
The water moccasin zombie closely misses you.
You closely miss the water moccasin zombie.
The water moccasin zombie is moderately damaged.
You barely miss the water moccasin zombie.
The water moccasin zombie misses you. The water moccasin zombie bites you.
You die...

######### ####
#∩..#.Z.#!?!?#
#...'.Z@#!?(!+
#.Z.#...#!!?!#
#..Z##### ####
#...# ##Z##
... #.ZZ#
#..Z#


#ZZZ# You could see an adder zombie (wandering) and 2 water moccasin zombies.

Vanquished Creatures
  A goblin (D:4)
  A kobold zombie (Ossuary)
2 creatures vanquished.

Notes
Turn   | Place    | Note
-------+----------+-------------------------------------------
     0 | D:5      | flotson the Demonspawn Delver began the quest for the Orb.
     0 | D:5      | Reached XP level 1. HP: 18/18 MP: 1/1
    47 | D:5      | Noticed Prince Ribbit
   335 | D:4      | Noticed Dowan
   335 | D:4      | Noticed an iguana
   339 | D:4      | Noticed Duvessa
   361 | D:4      | Found a sand-covered staircase.
   366 | Ossuary  | Entered an ossuary
   561 | Ossuary  | Noticed a water moccasin zombie
   561 | Ossuary  | Noticed a water moccasin zombie
   579 | Ossuary  | Slain by a water moccasin zombie

Illustrated notes

Levels and vault maps discovered:
D:4:      layout_loops_ring, enter_ossuary_5, uniq_crazy_yiuf_cottage,
          uniq_eustachio, uniq_duvessa
D:5:      cheibrodos_two_vegetables, layout_rooms, minmay_small_thing,
          uniq_sigmund, uniq_prince_ribbit1
Ossuary:  ossuary_tomb_2

Action                   || total
-------------------------++-------
Melee: Hand axe          ||    14
  Use: Scroll            ||     3
       Potion            ||     1
 Stab: Sleeping          ||     1
Armor: Leather armour    ||     9
Dodge: Dodged            ||    12

Table legend: (Time is in decaauts)
 A = Elapsed time spent in this place.
 B = Non-inter-level travel time spent in this place.
 C = Inter-level travel time spent in this place.
 D = Time resting spent in this place.
 E = Time spent auto-exploring this place.
 F = Levels seen in this place.
 G = Mean time per level.
                   A        B        C        D        E       F      G
               +--------+--------+--------+--------+--------+-----+--------+
         Total |    576 |    576 |      0 |    403 |     49 |   3 |  192.0 |
       Dungeon |    366 |    366 |      0 |    220 |     45 |   2 |  183.0 |
       Ossuary |    210 |    210 |      0 |    183 |      4 |   1 |  210.0 |
               +--------+--------+--------+--------+--------+-----+--------+

Top non-repeatable levels by time:
     D:5: 301 daAuts
 Ossuary: 210 daAuts
     D:4: 65 daAuts
